 Dungeon Crawl Stone Soup version 0.27-a0-1312-g5cdb2b3542 (webtiles) character file.

Game seed: 12002783082469848384

147 Gwenloh the Chopper (level 5, -5/42 HPs)
             Began as a Minotaur Gladiator on June 19, 2021.
             Slain by Pikel (7 damage)
             ... on level 3 of the Dungeon.
             The game lasted 00:06:14 (3112 turns).

Gwenloh the Chopper (Minotaur Gladiator)            Turns: 3112, Time: 00:06:15

Health: -5/42      AC:  4    Str: 19    XL:     5   Next: 8%
Magic:  4/4        EV: 12    Int:  5    God:
Gold:   133        SH:  0    Dex: 12    Spells: 4/4 levels left

rFire    . . .     SeeInvis .   a - +0 war axe
rCold    . . .     Faith    .   (no shield)
rNeg     . . .     Spirit   .   b - +0 leather armour
rPois    .         Reflect  .   c - +0 hat
rElec    .         Harm     .   (no cloak)
rCorr    .         Rampage  .   (no gloves)
Will     .....                  o - +0 pair of boots
Stlth    +.........             (no amulet)
HPRegen  0.14/turn              (no ring)
MPRegen  0.09/turn              (no ring)

@: no status effects
A: horns 2, retaliatory headbutt
a: no special abilities


You were on level 3 of the Dungeon.
You visited 1 branch of the dungeon, and saw 4 of its levels.

You collected 133 gold pieces.

Inventory:

Hand Weapons
 a - a +0 war axe (weapon)
Missiles
 d - 3 throwing nets
 e - 85 stones
 k - 12 poisoned darts (quivered)
Armour
 b - a +0 leather armour (worn)
 c - a +0 hat (worn)
 o - a +0 pair of boots (worn)
Wands
 p - a wand of paralysis (9)
 q - a wand of charming (7)
Scrolls
 f - 5 scrolls of identify {unknown}
 g - a scroll of blinking {unknown}
 h - a scroll of noise {unknown}
 j - a scroll of immolation {unknown}
 m - a scroll of magic mapping {unknown}
Potions
 i - a potion of brilliance {unknown}
 l - a potion of lignification {unknown}
 n - a potion of degeneration {unknown}


   Skills:
 - Level 2.4 Fighting
 + Level 7.0 Axes
 - Level 2.0 Throwing
 - Level 3.2 Dodging


You had 4 spell levels left.
You didn't know any spells.
Your spell library contained the following spells:

 Spells                   Type           Power      Damage    Failure   Level
 Animate Skeleton         Necr           0%         N/A       54%         1
 Apportation              Tloc           0%         N/A       54%         1
 Corona                   Hex            0%         N/A       54%         1
 Summon Small Mammal      Summ           0%         N/A       54%         1
 Call Imp                 Summ           0%         N/A       67%         2
 Call Canine Familiar     Summ           0%         N/A       88%         3
 Summon Guardian Golem    Hex/Summ       0%         N/A       88%         3
 Summon Ice Beast         Ice/Summ       0%         N/A       99%         4
 Summon Lightning Spire   Summ/Air       0%         N/A       99%         4


Dungeon Overview and Level Annotations

Branches:
Dungeon (4/15)
 Temple: D:4-7

Altars:

Shops:
D:1 ([

Annotations:
D:3 Pikel


Innate Abilities, Weirdness & Mutations

You have a pair of horns on your head.
You reflexively headbutt those who attack you in melee.


Message History

There is a stone staircase leading up here.
Things that are here:
a +0 club; a goblin skeleton You slash Pikel!
Pikel is moderately wounded.
Pikel barely misses you. You furiously retaliate!
You headbutt Pikel! You barely miss Pikel. You headbutt Pikel.
Pikel is heavily wounded.
Pikel hits you with a +2 whip of freezing.
Pikel freezes you.
You closely miss Pikel. You headbutt Pikel.
Pikel is heavily wounded.
Pikel closely misses you.
You barely miss Pikel.
Pikel is heavily wounded.
Pikel says, "You'll make a fine lemure."
Pikel hits you with a +2 whip of freezing!
Pikel freezes you.
You closely miss Pikel.
Pikel is heavily wounded.
Pikel barely misses you.
You hit Pikel.
Pikel is heavily wounded.
Pikel hits you with a +2 whip of freezing.
Pikel freezes you.
You hit Pikel but do no damage. Your headbutt misses Pikel.
Pikel is heavily wounded.
Pikel hits you with a +2 whip of freezing.
Pikel freezes you.
Pikel hits you with a +2 whip of freezing!
* * * LOW HITPOINT WARNING * * *
Pikel freezes you.
* * * LOW HITPOINT WARNING * * *
You slash Pikel!
Pikel is severely wounded.
Pikel closely misses you.
You closely miss Pikel.
Pikel is severely wounded.
Pikel hits you with a +2 whip of freezing!
You die...

## .# .# .# .#
############
.#####..........##
.......########..#
.####### ##.# ....#
#@# .##.## ### #K#
.##..# ##.# #5###
.###.# ##..# ##)..##
.# #.# ##...###.....##
.# #.###....##.......#
.###..##.#.###..<....#
....#....#.###.......#
#...##......###.....##


You could see Pikel and a lemure.

Vanquished Creatures
  2 gnolls
  8 adders
  An orc (D:3)
  4 bats
  3 endoplasms
  4 giant cockroaches
  4 goblins
  7 hobgoblins
  4 quokkas
  7 ball pythons
  2 frilled lizards
  7 kobolds
  3 rats
56 creatures vanquished.

Notes
Turn   | Place    | Note
-------+----------+-------------------------------------------
     0 | D:1      | Gwenloh the Minotaur Gladiator began the quest for the Orb.
     0 | D:1      | Reached XP level 1. HP: 18/18 MP: 0/0
   275 | D:1      | Found Kiafot's Armour Boutique.
   301 | D:1      | Reached skill level 4 in Axes
   339 | D:1      | Reached XP level 2. HP: 25/25 MP: 1/1
   464 | D:1      | Found Qubytsycs's Weapon Boutique.
   973 | D:2      | Reached skill level 5 in Axes
   973 | D:2      | Reached XP level 3. HP: 15/30 MP: 2/2
  1540 | D:2      | Reached XP level 4. HP: 37/37 MP: 3/3
  1598 | D:2      | Reached skill level 6 in Axes
  2063 | D:2      | Found a faded altar of an unknown god.
  2759 | D:3      | Reached skill level 7 in Axes
  2759 | D:3      | Reached XP level 5. HP: 42/42 MP: 4/4
  3084 | D:4      | Noticed Pikel
  3084 | D:4      | Noticed a lemure
  3084 | D:4      | Noticed a lemure
  3084 | D:4      | Noticed a lemure
  3084 | D:4      | Noticed a lemure
  3110 | D:3      | HP: 2/42 [Pikel (1)]
  3112 | D:3      | Slain by Pikel

Illustrated notes

Levels and vault maps discovered:
D:1:      minmay_arrival_nine_rooms, layout_basic, serial_shops,
          nicolae_lakefront_shop, nicolae_shop_crystal
D:2:      layout_loops_ring, ebering_ecumenical_altar_sacrificial, hex_tiny
D:3:      layout_rooms, kennysheep_nondescript
D:4:      layout_basic, kennysheep_mini, amethyst_overflow_temple_binary,
          nemelex_altar_shiori, cheibrodos_worm_habitat, lightli_temple_of_fire,
          serial_bayou, serial_bayou_shore_b, serial_bayou_ford_a,
          serial_bayou_pond_d, uniq_grinder, uniq_pikel

Skill      XL: |  1  2  3  4 |
---------------+-------------+-----
Axes           | 4 5 7 |  7.0
Fighting       | |  2.4
Throwing       | |  2.0
Dodging        | |  3.2

Action                   |  1- 3 |  4- 6 || total
-------------------------+-------+-------++-------
Melee: War axe           |    51 |    45 ||    96
       Headbutt          |     7 |     9 ||    16
Throw: Stone             |    80 |    10 ||    90
       Dart              |       |    43 ||    43
Armor: Leather armour    |     8 |     4 ||    12
Dodge: Dodged            |    32 |    17 ||    49

Table legend: (Time is in decaauts)
 A = Elapsed time spent in this place.
 B = Non-inter-level travel time spent in this place.
 C = Inter-level travel time spent in this place.
 D = Time resting spent in this place.
 E = Time spent auto-exploring this place.
 F = Levels seen in this place.
 G = Mean time per level.
                   A        B        C        D        E       F      G
               +--------+--------+--------+--------+--------+-----+--------+
         Total |   3130 |   3036 |     94 |     74 |   2510 |   4 |  782.5 |
       Dungeon |   3130 |   3036 |     94 |     74 |   2510 |   4 |  782.5 |
               +--------+--------+--------+--------+--------+-----+--------+

Top non-repeatable levels by time:
     D:2: 1292 daAuts
     D:1: 1232 daAuts
     D:3: 603 daAuts
     D:4: 1 daAuts
